 Dungeon Crawl Stone Soup version 0.29-a0-414-g5075937ec3 (webtiles) character file.

Game seed: 3648518211691706287

6 bande the Covered (level 1, 0/13 HPs)
             Began as a Gnoll Wanderer on May 15, 2022.
             Slain by a frilled lizard (1 damage)
             ... on level 1 of the Dungeon.
             The game lasted 00:00:17 (142 turns).

bande the Covered (Gnoll Wanderer)                   Turns: 142, Time: 00:00:18

Health: 0/13       AC:  6    Str: 10    XL:     1   Next: 90%
Magic:  1/1        EV: 11    Int:  8    God:
Gold:   17         SH:  0    Dex: 15    Spells: 0/0 levels left

rFire   . . .      SeeInvis .   a - +2 short sword
rCold   . . .      Faith    .   (no shield)
rNeg    . . .      Spirit   .   c - +0 ring mail
rPois   .          Reflect  .   (no helmet)
rElec   .          Harm     .   (no cloak)
rCorr   .          Rampage  .   (no gloves)
Will    .....                   (no boots)
Stlth   +.........              (no amulet)
HPRegen 0.04/turn               (no ring)
MPRegen 0.07/turn               (no ring)

@: no status effects
A: fangs 1, strong nose, distributed training
a: no special abilities


You were on level 1 of the Dungeon.
You visited 1 branch of the dungeon, and saw 1 of its levels.

You collected 17 gold pieces.

Inventory:

Hand Weapons
 a - a +2 short sword (weapon)
 b - a +0 quarterstaff
Armour
 c - a +0 ring mail (worn)
Scrolls
 d - a scroll of fear
Potions
 e - a potion of degeneration {unknown}


   Skills:
 + Level 0.2 Fighting
 + Level 6.4 Short Blades
 + Level 0.2 Long Blades
 + Level 0.2 Axes
 + Level 0.2 Maces & Flails
 + Level 0.2 Polearms
 + Level 4.4 Staves
 + Level 0.2 Slings
 + Level 0.2 Bows
 + Level 0.2 Crossbows
 + Level 0.2 Throwing
 + Level 6.4 Armour
 + Level 2.4 Dodging
 + Level 0.2 Stealth
 + Level 0.2 Shields
 + Level 0.2 Unarmed Combat
 + Level 0.2 Spellcasting
 + Level 0.1 Conjurations
 + Level 0.1 Hexes
 + Level 0.1 Summonings
 + Level 0.1 Necromancy
 + Level 0.1 Translocations
 + Level 0.1 Transmutations
 + Level 0.1 Fire Magic
 + Level 0.1 Ice Magic
 + Level 0.1 Air Magic
 + Level 0.1 Earth Magic
 + Level 0.1 Poison Magic
 + Level 0.3 Invocations
 + Level 2.4 Evocations


You couldn't memorise any spells.
You didn't know any spells.
Your spell library was empty.

Dungeon Overview and Level Annotations

Branches:
Dungeon (1/15)

Altars:


Innate Abilities, Weirdness & Mutations

You have very sharp teeth.
Your uncanny sense of smell can sniff out nearby items.
Your experience applies equally to all skills.


Message History

You are too injured to fight recklessly!
You are too injured to fight recklessly!
You are too injured to fight recklessly!
You are too injured to fight recklessly!
Unknown command.
You hit the jackal but do no damage. The jackal closely misses you.
The jackal bites you but does no damage.
The frilled lizard bites you but does no damage.
Unknown command.
You barely miss the jackal. The jackal misses you. The jackal bites you.
The frilled lizard bites you.
* * * LOW HITPOINT WARNING * * *
Unknown command.
You barely miss the jackal. The jackal barely misses you.
The jackal closely misses you.
Unknown command.
You hit the jackal.
The jackal is almost dead.
The jackal closely misses you. The jackal misses you.
The frilled lizard barely misses you.
Unknown command.
You hit the jackal.
You kill the jackal!
The jackal barely misses you. The frilled lizard closely misses you.
Unknown command.
The jackal bites you but does no damage.
The jackal barely misses you. The jackal misses you.
The jackal attacks as you move away! The jackal barely misses you.
You barely miss the jackal.
The jackal bites you but does no damage.
The frilled lizard bites you.
* * * LOW HITPOINT WARNING * * *
You hit the jackal.
The jackal is severely wounded.
The jackal barely misses you.
You hit the jackal.
The jackal is almost dead.
The frilled lizard bites you.
You die...

.♣.P♣♣P..#
.P..PP...##
..........#
.(........##
$....:.....##
........?...#
......†.....##
......††..h@.####
..........l......#
............######
.............#
?..#.....#...#
#♣♣#########.#
♣#.♣♣ #.####
#♣♣##.#.##♣#♣
###....#
#...........♣
#....#.#


You could see a jackal and a frilled lizard.

Vanquished Creatures
  A ball python (D:1)
  3 jackals (D:1)
  A rat (D:1)
5 creatures vanquished.

Notes
Turn   | Place    | Note
-------+----------+-------------------------------------------
     0 | D:1      | bande the Gnoll Wanderer began the quest for the Orb.
     0 | D:1      | bande set off with the following items: a +2 short sword, a
                  | +0 quarterstaff, a +0 ring mail, a scroll of fear
     0 | D:1      | Reached XP level 1. HP: 13/13 MP: 1/1
   142 | D:1      | Slain by a frilled lizard

Illustrated notes

Levels and vault maps discovered:
D:1:      saegor_arrival_under_anarchy, layout_rooms,
          dreamdust_ecumenical_altar_grove

Action                   || total
-------------------------++-------
Melee: Short sword       ||    19
       Bite              ||     1
Armor: Ring mail         ||    11
Dodge: Dodged            ||    25

Table legend: (Time is in decaauts)
 A = Elapsed time spent in this place.
 B = Non-inter-level travel time spent in this place.
 C = Inter-level travel time spent in this place.
 D = Time resting spent in this place.
 E = Time spent auto-exploring this place.
 F = Levels seen in this place.
 G = Mean time per level.
                   A        B        C        D        E       F      G
               +--------+--------+--------+--------+--------+-----+--------+
         Total |    137 |    137 |      0 |      0 |    111 |   1 |  137.0 |
       Dungeon |    137 |    137 |      0 |      0 |    111 |   1 |  137.0 |
               +--------+--------+--------+--------+--------+-----+--------+

Top non-repeatable levels by time:
     D:1: 137 daAuts
